 Dungeon Crawl Stone Soup version 0.28.0-53-g5a82cb258f (webtiles) character file.

Game seed: 16571437645601410497

46 gobodom the Shield-Bearer (level 3, 0/26 HPs)
             Began as a Demonspawn Wanderer on June 7, 2022.
             Succumbed to an adder's poison
             ... on level 2 of the Dungeon.
             The game lasted 00:09:41 (1538 turns).

gobodom the Shield-Bearer (Demonspawn Wanderer)     Turns: 1538, Time: 00:09:42

Health: 0/26       AC:  7    Str: 15    XL:     3   Next: 46%
Magic:  4/5        EV: 10    Int: 11    God:
Gold:   38         SH:  4    Dex: 13    Spells: 3/4 levels left

rFire   . . .      SeeInvis .   g - staff of cold
rCold   + . .      Faith    .   b - +0 buckler
rNeg    . . .      Spirit   .   c - +0 leather armour
rPois   .          Reflect  .   e - +0 helmet
rElec   .          Harm     .   (no cloak)
rCorr   .          Rampage  .   (no gloves)
Will    .....                   d - +0 pair of boots
Stlth   +.........              (no amulet)
HPRegen 0.08/turn               (no ring)
MPRegen 0.09/turn               (no ring)

@: lethally poisoned (0 -> -4), flying
A: yellow scales 1, foul stench 1
a: no special abilities


You were on level 2 of the Dungeon.
You visited 1 branch of the dungeon, and saw 2 of its levels.

You collected 38 gold pieces.

Inventory:

Hand Weapons
 a - a +0 spear
Missiles
 f - a poisoned dart (quivered)
Armour
 b - a +0 buckler (worn)
 c - a +0 leather armour (worn)
 d - a +0 pair of boots (worn)
 e - a +0 helmet (worn)
Magical Staves
 g - a staff of cold (weapon)
Scrolls
 i - a scroll of immolation


   Skills:
 + Level 1.3 Fighting
 + Level 1.7 Polearms
 + Level 0.3 Throwing
 + Level 1.1 Armour
 + Level 0.2 Dodging
 + Level 1.0 Stealth
 + Level 3.1 Shields
 + Level 1.3 Spellcasting
 + Level 2.2 Summonings


You had 3 spell levels left.
You knew the following spells:

 Your Spells              Type           Power      Damage    Failure   Level
a - Summon Small Mammal   Summ           20%        N/A       21%         1

Your spell library contained the following spells:

 Spells                   Type           Power      Damage    Failure   Level
 Call Imp                 Summ           5%         N/A       30%         2
 Call Canine Familiar     Summ           5%         N/A       52%         3


Dungeon Overview and Level Annotations

Branches:
Dungeon (2/15)

Altars:


Innate Abilities, Weirdness & Mutations

You are partially covered in yellow scales. (AC +2)
You may rarely emit foul miasma when damaged in melee.


Message History

You miss the adder. The adder misses you.
The adder bites you but does no damage.
You hit the adder but do no damage. The adder bites you but does no damage.
You barely miss the adder. The adder barely misses you.
You block the adder's attack.
You hit the adder.
The adder is moderately wounded.
The adder bites you.
You are poisoned.
The adder poisons you!
You hit the adder.
The adder is moderately wounded.
You feel sick. You block the adder's attack.
The adder bites you but does no damage.
You closely miss the adder.
The adder is moderately wounded.
You feel sick. The adder bites you.
You are more poisoned.
The adder poisons you!
You hit the adder.
The adder is severely wounded.
You feel very sick. The adder bites you.
You are lethally poisoned!
The adder poisons you!
You emit a cloud of foul miasma!
The adder is engulfed in dark miasma.
The adder is poisoned.
You kill the adder!
As you read the scroll of identify, it crumbles to dust.
i - a scroll of immolation
* * * LOW HITPOINT WARNING * * *
You feel very sick.
* * * LOW HITPOINT WARNING * * *
You feel sick.
* * * LOW HITPOINT WARNING * * *
You feel sick.
* * * LOW HITPOINT WARNING * * *
You feel sick.
You see here 6 gold pieces.
Okay, then.
You die...

#.# ## ####.###..
#......#.# #......#.#
## #......#.# .
#......#.# .#
######......#.####.##.#
.......>.<>..♣♣.......#
######........P♣@#
...........♣P_○.$#
###########.P♣.P♣#
#..PP♣.# ##....##
#...## ...... .......
.......


There were no monsters in sight!

Vanquished Creatures
  An adder (D:2)
  A dart slug (D:1)
  4 ball pythons
  An endoplasm (D:1)
  3 giant cockroaches (D:1)
  3 hobgoblins (D:1)
  2 quokkas (D:1)
  3 bats (D:1)
  2 frilled lizards (D:1)
  6 goblins
  6 kobolds (D:1)
  A rat (D:1)
33 creatures vanquished.

Vanquished Creatures (collateral kills)
  A kobold (D:1)
1 creature vanquished.

Vanquished Creatures (others)
  A withered plant (D:2)
1 creature vanquished.

Grand Total: 35 creatures vanquished

Notes
Turn   | Place    | Note
-------+----------+-------------------------------------------
     0 | D:1      | gobodom the Demonspawn Wanderer began the quest for the
                  | Orb.
     0 | D:1      | gobodom set off with the following items: a +0 spear, a +0
                  | buckler, a +0 leather armour; and the following spell
                  | memorised: Summon Small Mammal; and the following spells
                  | available to memorise: Call Imp, Call Canine Familiar
     0 | D:1      | Reached XP level 1. HP: 15/15 MP: 2/2
   427 | D:1      | Reached skill level 3 in Shields
   534 | D:1      | Gained mutation: You are partially covered in yellow
                  | scales. (AC +2) [demonic ancestry]
   534 | D:1      | Reached XP level 2. HP: 19/21 MP: 3/3
  1201 | D:1      | Gained mutation: You may rarely emit foul miasma when
                  | damaged in melee. [demonic ancestry]
  1201 | D:1      | Reached XP level 3. HP: 26/26 MP: 4/4
  1515 | D:2      | Found a faded altar of an unknown god.
  1537 | D:2      | HP: 1/26 [poisoned by an adder]
  1538 | D:2      | Succumbed to an adder's poison

Illustrated notes

Levels and vault maps discovered:
D:1:      dpeg_chamrin_arrival_tetris, layout_loops_corners
D:2:      layout_basic, ebering_ecumenical_altar_petrified

Skill      XL: |  1 |
---------------+----+-----
Shields        | 3 |  3.1
Fighting       | |  1.3
Polearms       | |  1.7
Throwing       | |  0.3
Armour         | |  1.1
Dodging        | |  0.2
Stealth        | |  1.0
Spellcasting   | |  1.3
Summonings     | |  2.2

Action                   || total
-------------------------++-------
Melee: Spear             ||    85
       Staff             ||    18
Throw: Dart              ||    12
 Cast: Summon Small Mamm ||     4
  Use: Scroll            ||     4
       Potion            ||     2
 Stab: Distracted        ||     1
       Sleeping          ||     1
Armor: Leather armour    ||    39
Dodge: Dodged            ||    44
Block: Buckler           ||    14
